 Dungeon Crawl Stone Soup version 0.18-a0-1526-gcb34c7c (webtiles) character file.

779 FrancescoMac the Skirmisher (level 7, -1/64 HPs)
             Began as a Minotaur Fighter on Mar 8, 2016.
             Killed by divine providence
             ... invoked by an orc priest
              (14 damage)
             ... on level 5 of the Dungeon.
             The game lasted 00:12:22 (3209 turns).

FrancescoMac the Skirmisher (Minotaur Fighter)      Turns: 3209, Time: 00:12:24

Health: -1/64      AC:  8    Str: 21    XL:     7   Next: 54%
Magic:  6/6        EV:  8    Int:  5    God:
Gold:   222        SH: 10    Dex: 11    Spells: 0 memorised, 6 levels left

rFire  . . .     SeeInvis +     a - +0 war axe
rCold  . . .     Gourm    +     b - +0 scale mail
rNeg   . . .     Faith    .     c - +0 shield
rPois  +         Spirit   .     (helmet restricted)
rElec  .         Dismiss  .     k - +0 cloak
rCorr  .         Reflect  .     (no gloves)
SustAt .         Harm     .     (no boots)
MR     .....     Rnd*Tele +     p - amulet of the gourmand
Stlth  ..........               A - ring of teleportation (curse)
                                r - ring of poison resistance

@: not resistant to hostile enchantments, extremely unstealthy
A: retaliatory headbutt, horns 2, see invisible
a: no special abilities


You were on level 5 of the Dungeon.
You were not hungry.

You visited 1 branch of the dungeon, and saw 5 of its levels.

You collected 222 gold pieces.

Inventory:

Hand Weapons
 a - a +0 war axe (weapon)
Armour
 b - a +0 scale mail (worn)
 c - a +0 shield (worn)
 k - a +0 cloak (worn)
 t - a +1 animal skin
Jewellery
 m - an uncursed ring of ice {unknown}
 p - an amulet of the gourmand (around neck)
 r - a ring of poison resistance (left hand)
 s - an uncursed ring of wizardry
 z - a cursed -2 ring of dexterity {unknown}
 A - a cursed ring of teleportation (right hand)
Wands
 e - a wand of paralysis (8/24)
 i - a wand of enslavement (11/24)
 n - a wand of flame (21/48)
 v - a wand of flame (40/48)
Scrolls
 o - a scroll of recharging
Potions
 d - a potion of might
 h - a potion of heal wounds {unknown}
 j - a potion of curing {unknown}
 l - a potion of cancellation {unknown}
 u - a potion of haste {unknown}
 w - 2 potions of berserk rage {unknown}
Books
 g - a book of Maledictions

   Spells                             Type                      Level
   a - Corona                         Hexes                        1
   b - Ensorcelled Hibernation        Hexes/Ice                    2
   c - Confuse                        Hexes                        3
   d - Tukima's Dance                 Hexes                        3
   e - Dazzling Spray                 Conjuration/Hexes            3
Comestibles
 f - 2 bread rations
 q - 2 meat rations
 x - 2 fruits


   Skills:
 * Level 6.8 Fighting
 + Level 5.4 Axes
 + Level 5.9 Armour
 + Level 5.9 Shields


You had 6 spell levels left.
You didn't know any spells.

Dungeon Overview and Level Annotations

Branches:
Dungeon (5/15)
 Temple: D:4-7

Altars:
Dithmenos
Gozag
Makhleb
Nemelex Xobeh
Okawaru
Zin
The Shining One


Innate Abilities, Weirdness & Mutations

You reflexively headbutt those who attack you in melee.
You have a pair of horns on your head.
You have supernaturally acute eyesight.


Message History

Pain shoots through your body!
You hit the orc priest.
The orc priest is heavily wounded.
You slash the orc priest!
The orc priest is severely wounded.
The orc priest hits you with a mace.
* * * LOW HITPOINT WARNING * * *
The orc priest calls down the wrath of Beogh upon you.
Pain shoots through your body!
* * * LOW HITPOINT WARNING * * *
The orc priest hits you but does no damage.
You are too injured to fight recklessly!
You are too injured to fight recklessly!
You hit the orc priest. You headbutt the orc priest.
The orc priest is almost dead.
You slash the orc priest!
You kill the orc priest!
The orc priest mumbles some strange prayers to Beogh against you.
Beogh smites you!
You die...

....# ##.)).....# #.......#
#..
.....###...##....###.......#
#.. #.:##...รท..#............#
#.# #.....#.##..........#####
#[. #...............#.#..####
##.
#.<...)........##.#.....### #.
#...........)[.##.#.###...###.
.................o.#.#.#
###..##.
[.......########@#...#.#
##.... ..?...... #o##..#.#
###.. ...#....## .O. ....# ##.
........# ...Z...... #.
####....# ........... #.
............ #. #.......... ##
#...........


You could see an ogre, an orc priest, an orc and an adder skeleton.

Vanquished Creatures
  The ghost of Galewind the Charmwright, an amateur DECj (D:4)
  An ogre (D:5)
  2 hounds
  4 orc priests
  An orc wizard (D:4)
  Jessica (D:3)
  2 worker ants (D:4)
  Robin (D:3)
  10 adders
  3 gnolls (D:5)
  2 oozes (D:1)
  3 worms
  A dart slug (D:3)
  A giant gecko (D:1)
  21 orcs
  6 bats
  A giant cockroach (D:3)
  14 goblins
  7 hobgoblins
  9 jackals
  2 quokkas (D:2)
  A ball python (D:1)
  4 giant newts
  7 kobolds
  4 rats (D:1)
109 creatures vanquished.

Notes
Turn   | Place    | Note
--------------------------------------------------------------
     0 | D:1      | FrancescoMac the Minotaur Fighter began the quest for the Orb.
     0 | D:1      | Reached XP level 1. HP: 19/19 MP: 0/0
   110 | D:1      | Reached XP level 2. HP: 21/27 MP: 1/1
   353 | D:1      | Reached skill level 4 in Fighting
   692 | D:2      | Found a sparkling altar of Nemelex Xobeh.
   726 | D:2      | Found an iron altar of Okawaru.
   735 | D:2      | Reached XP level 3. HP: 33/33 MP: 2/2
  1438 | D:3      | Reached XP level 4. HP: 31/40 MP: 3/3
  1552 | D:3      | Found a shadowy altar of Dithmenos.
  1552 | D:3      | Found a glowing golden altar of the Shining One.
  1748 | D:3      | Noticed Robin
  1788 | D:3      | Killed Robin
  1788 | D:3      | Reached XP level 5. HP: 27/47 MP: 4/4
  1847 | D:3      | Found an opulent altar of Gozag.
  1852 | D:3      | Noticed Jessica
  1863 | D:3      | Killed Jessica
  1971 | D:3      | Found a burning altar of Makhleb.
  2133 | D:3      | Reached skill level 5 in Fighting
  2137 | D:3      | Found a glowing silver altar of Zin.
  2376 | D:4      | Noticed Galewind's ghost (amateur DECj)
  2385 | D:4      | Killed Galewind's ghost
  2385 | D:4      | Reached skill level 5 in Armour
  2385 | D:4      | Reached skill level 5 in Shields
  2385 | D:4      | Reached XP level 6. HP: 31/57 MP: 5/5
  2551 | D:4      | Gained mutation: You have supernaturally acute eyesight. [potion of beneficial mutation]
  2724 | D:4      | Reached skill level 6 in Fighting
  2734 | D:4      | Reached skill level 5 in Axes
  2763 | D:4      | Reached XP level 7. HP: 50/63 MP: 6/6
  2791 | D:5      | Entered Level 5 of the Dungeon
  2823 | D:5      | HP: 2/64 [gnoll/spear (7)]
  3209 | D:5      | Killed from afar by an orc priest

Vault maps used:
D:1:      lemuel_arrival_behind_the_door_small
D:2:      nemelex_xobeh_ov_fountains_minmay, okawaru_metal_pillars_1_2,
          first_bread
D:3:      bloody_makhleb, gammafunk_temple_overflow_elements, marbit_many_paths,
          grunt_gozag_statues, uniq_robin, uniq_jessica
D:5:      yredelemnul_forgotten_temple_becter, vehumet_altar_wand_db

Skill      XL: |  1  2  3  4  5  6 |
---------------+-------------------+-----
Fighting       | 4 5 6 |  6.8
Axes           | 3 4 5 |  5.4
Armour         | 4 5 |  5.9
Shields        | 4 5 |  5.9

Action                   |  1- 3 |  4- 6 |  7- 9 || total
-------------------------+-------+-------+-------++-------
Melee: War axe           |    93 |   131 |    42 ||   266
  Use: Scroll            |       |     4 |     1 ||     5
       Potion            |       |     1 |       ||     1
  Eat: Chunk             |     1 |     1 |     4 ||     6
       Bread ration      |     1 |       |       ||     1
       Fruit             |       |       |     1 ||     1
